 Dungeon Crawl Stone Soup version 0.31.0-9-g3a7656b989 (webtiles) character file.

Game seed: 9501345607370988421

310 qw the Skirmisher (level 6, -1/34 HPs)
             Began as a Deep Elf Hunter on Feb 2, 2024.
             Was an Initiate of Okawaru.
             Slain by Pikel
             ... wielding a +0 whip of flaming
              (3 damage)
             ... on level 6 of the Dungeon.
             The game lasted 00:00:09 (2143 turns).

qw the Skirmisher (Deep Elf Hunter)                 Turns: 2143, Time: 00:00:09

Health: -1/34      AC:  9    Str: 10    XL:     6   Next: 17%
Magic:  8/8        EV: 13    Int: 14    God:    Okawaru [......]
Gold:   143        SH:  0    Dex: 25    Spells: 5/5 levels left

rFire   . . .        a - +0 shortbow
rCold   . . .        (shield currently unavailable)
rNeg    . . .        d - +1 ring mail
rPois   .            (no helmet)
rElec   .            k - scarf of Gravitas {repulsion, -Cast Regen+ Dex+7}
rCorr   .            (no gloves)
SInv    .            e - +2 pair of boots
Will    .....        (no amulet)
Stlth   ++           (no ring)
HPRegen 1.05/turn    (no ring)
MPRegen 0.11/turn

%: no spellcasting, repel missiles
@: no status effects
A: no striking features
a: Renounce Religion


You were on level 6 of the Dungeon.
You worshipped Okawaru.
Okawaru was noncommittal.
You visited 1 branch of the dungeon, and saw 4 of its levels.

You collected 143 gold pieces.


   Skills:
 + Level 1.5 Fighting
 - Level 9.0 Ranged Weapons
 - Level 1.0 Armour
 - Level 4.0 Dodging
 - Level 1.2 Stealth


You had 5 spell levels left.
You didn't know any spells.
Your spell library was empty.

Inventory:

Hand Weapons
 a - a +0 shortbow (weapon)
Armour
 d - a +1 ring mail (worn)
 e - a +2 pair of boots (worn)
 k - the scarf of Gravitas (worn) {repulsion, -Cast Regen+ Dex+7}
   (You found it on level 2 of the Dungeon)

   Dex+7:     It affects your dexterity (+7).
   -Cast:     It prevents spellcasting.
   Regen+:    It increases your rate of health regeneration.
Potions
 b - a potion of curing
 c - a potion of mutation {unknown}
 g - a potion of cancellation
 h - a potion of might {unknown}
 i - a potion of enlightenment {unknown}

Dungeon Overview and Level Annotations

Branches:
Dungeon (6/15)
 Temple: D:4-7

Altars:
Elyvilon
Okawaru
Uskayaw

Shops:
D:3 [

Annotations:
D:3 exclusion: endoplasm
D:6 Pikel


Message History

You shoot an arrow. The arrow hits the ogre.
The ogre is lightly wounded.
The ogre hits you with a +0 giant spiked club!!
Ouch! That really hurt!
You shoot an arrow. The arrow hits the ogre!
The ogre is heavily wounded.
The ogre barely misses you.
You shoot an arrow. The arrow hits the ogre.
The ogre is severely wounded.
You shoot an arrow. The arrow hits the ogre.
The ogre is almost dead.
The ogre barely misses you.
You shoot an arrow. The arrow barely misses the ogre.
The arrow hits the lemure.
The lemure is severely wounded.
The ogre misses you.
You shoot an arrow. The arrow hits the ogre!
You kill the ogre!
Okawaru is honoured by your kill.
You hear a shout!
Pikel, Merchant of Souls comes into view.
He is wielding a +0 whip of flaming and wearing a +2 robe of fire resistance.
The lemure hits you!
Your Dodging skill gained 2 levels and is now at level 4!
You have reached level 6!
You shoot an arrow. The arrow hits the lemure!
The lemure is almost dead.
A lemure comes into view.
You shoot an arrow. The arrow hits Pikel!
Pikel is lightly wounded.
You shoot an arrow. The arrow closely misses Pikel.
The arrow hits the lemure.
The lemure is lightly wounded.
Pikel closely misses you.
You shoot an arrow. The arrow hits Pikel!
Pikel is moderately wounded.
Pikel hits you with a +0 whip of flaming.
Pikel burns you.
You shoot an arrow. The arrow hits Pikel!
Pikel is heavily wounded.
Pikel hits you with a +0 whip of flaming.
You die...
Pikel says, "See you in Hell!"

. ######## ...
......>#######
....# #..........#
......######...###
#55K@..#.....#
#.5###.##..#.# #..
#.....#.# #..
####.%#.. #5.
#..######## #O#
#.......... #.
#.######### .. #.#
#.#


You could see Pikel and 3 lemures.

Vanquished Creatures
  An ice beast (D:3)
  An ogre (D:6)
  A lemure (D:6)
  6 adders
  6 dart slugs
  A ribbon worm (D:2)
  An orc (D:3)
  6 ball pythons
  6 endoplasms
  4 giant cockroaches
  A goblin (D:1)
  4 hobgoblins
  5 jackals
  7 kobolds
  A quokka (D:1)
  5 bats
  5 frilled lizards
  7 rats
68 creatures vanquished.

Notes
Turn   | Place    | Note
-------+----------+-------------------------------------------
     0 | D:1      | qw the Deep Elf Hunter began the quest for the Orb.
     0 | D:1      | Reached XP level 1. HP: 12/12 MP: 3/3
     0 | D:1      | 0 ||| qw: Version: 0.3-a-155-g5e7d8dd
     0 | D:1      | 0 ||| qw: Game counter: 575
     0 | D:1      | 0 ||| qw: Melee chars always use a shield: true
     0 | D:1      | 0 ||| qw: God list: Okawaru
     0 | D:1      | 0 ||| qw: Allow faded altars: false
     0 | D:1      | 0 ||| qw: Do Orc after clearing Dungeon:15 true
     0 | D:1      | 0 ||| qw: Do second Lair branch before Depths: true
     0 | D:1      | 0 ||| qw: Lair rune preference: random
     0 | D:1      | 0 ||| qw: Goals: Normal
     0 | D:1      | 0 ||| PLANNING D:1-11
   101 | D:1      | Reached skill level 6 in Ranged Weapons
   101 | D:1      | Reached XP level 2. HP: 16/16 MP: 4/4
   493 | D:1      | Reached XP level 3. HP: 20/20 MP: 5/5
   747 | D:1      | Found a faded altar of an unknown god.
   946 | D:1      | 946 ||| UPGRADING to +1 pair of boots.
   951 | D:1      | 951 ||| UPGRADING to +0 scale mail.
   961 | D:1      | 961 ||| DROPPING +0 leather armour.
   962 | D:1      | 962 ||| READING 2 scrolls labelled ATYZAASHRAX.
   962 | D:1      | 962 ||| IDENTIFYING fizzy blue potion
   963 | D:1      | 963 ||| READING scroll of identify.
   963 | D:1      | 963 ||| IDENTIFYING murky ruby potion
   964 | D:1      | 964 ||| DROPPING scroll of butterflies.
  1107 | D:2      | Reached skill level 7 in Ranged Weapons
  1173 | D:2      | Reached XP level 4. HP: 25/25 MP: 6/6
  1394 | D:2      | Identified the scarf of Gravitas {repulsion, -Cast Regen+
                  | Dex+7}
  1579 | D:2      | 1579 ||| UPGRADING to scarf of Gravitas {repulsion, -Cast
                  | Regen+ Dex+7}.
  1584 | D:2      | 1584 ||| READING scroll of identify.
  1584 | D:2      | 1584 ||| IDENTIFYING yellow potion
  1585 | D:2      | 1585 ||| READING scroll labelled JIAGIONTUL.
  1686 | D:2      | 1686 ||| READING scroll labelled JIUSHOBAURPH.
  1708 | D:3      | Found Iretwad's Antique Armour Emporium.
  1714 | D:3      | Noticed an ice beast
  1715 | D:3      | 1715 ||| DRINKING potion of haste.
  1727 | D:3      | Killed an ice beast
  1728 | D:3      | Reached skill level 8 in Ranged Weapons
  1728 | D:3      | Reached XP level 5. HP: 29/29 MP: 7/7
  1735 | D:3      | 1735 ||| SHOPLISTING glowing ring mail (196 gold, have 84).
  1735 | D:3      | 1735 ||| SHOPLISTING helmet (126 gold, have 84).
  1735 | D:3      | 1735 ||| SHOPLISTING pair of glowing gloves (210 gold, have
                  | 84).
  1735 | D:3      | 1735 ||| SHOPLISTING ring mail (112 gold, have 84).
  1754 | D:3      | Reached skill level 9 in Ranged Weapons
  1851 | D:3      | Found a white marble altar of Elyvilon.
  1851 | D:3      | Found a hide-covered altar of Uskayaw.
  1854 | D:3      | 1854 ||| READING scroll labelled GIGOVE ESAUR.
  1855 | D:3      | 1855 ||| READING scroll labelled KOWIDO ZEWE.
  1966 | D:3      | Reached skill level 1 in Armour
  1977 | D:3      | Found an iron altar of Okawaru.
  1978 | D:3      | 1978 ||| PLANNING OKAWARU WORSHIP
  1978 | D:3      | 1978 ||| UPGRADING to +0 ring mail.
  1988 | D:3      | 1988 ||| DROPPING +0 scale mail.
  1989 | D:3      | 1989 ||| READING scroll labelled VAXIUMAALI.
  1989 | D:3      | 1989 ||| ENCHANTING +1 pair of boots.
  1997 | D:3      | Became a worshipper of Warmaster Okawaru
  1998 | D:3      | 1998 ||| PLANNING D:1-11
  2066 | D:3      | 2066 ||| READING scroll of enchant armour.
  2066 | D:3      | 2066 ||| ENCHANTING +0 ring mail.
  2093 | D:3      | You fall into a shaft and drop 3 floors!
  2119 | D:6      | Noticed a lemure
  2119 | D:6      | Noticed a lemure
  2119 | D:6      | Noticed a lemure
  2119 | D:6      | Noticed an ogre
  2120 | D:6      | 2120 ||| RETREEEEATING.
  2122 | D:6      | 2122 ||| RETREEEEATING.
  2132 | D:6      | Killed a lemure
  2133 | D:6      | HP: 3/29 [ogre/+0 giant spiked club (26)]
  2138 | D:6      | Killed an ogre
  2138 | D:6      | Noticed Pikel
  2138 | D:6      | HP: 2/29 [lemure[Pikel] (7)]
  2139 | D:6      | Reached XP level 6. HP: 2/34 MP: 8/8
  2143 | D:6      | Slain by Pikel

Levels and vault maps discovered:
D:1:      dpeg_cavernosity, layout_basic, shapermc_ecumenical_altar_hornbeckon
D:2:      cheibrodos_old_hovel, layout_basic, corexii_item_surrounded_by_moat,
          minmay_box_of_dots
D:3:      layout_rooms, okawaru_metal_pillars_3, jmf_multi_god_temple,
          serial_shops, nicolae_shop_statue_plus, st_stairs_7
D:6:      layout_basic, uniq_pikel, uniq_grinder

Skill      XL: |  1  2  3  4  5 |
---------------+----------------+-----
Ranged Weapons | 6 7 8 9 |  9.0
Armour         | 1 |  1.0
Dodging        | 4 |  4.0
Fighting       | |  1.5
Stealth        | |  1.2

Action                     |  1- 3 |  4- 6 || total
---------------------------+-------+-------++-------
   Fire: Shortbow          |   104 |    96 ||   200
    Use: Scroll            |     2 |     7 ||     9
         Potion            |       |     1 ||     1
 Armour: Leather armour    |     6 |       ||     6
         Scale mail        |    18 |    14 ||    32
         Ring mail         |       |     9 ||     9
  Dodge: Dodged            |    24 |    27 ||    51

Table legend:
 A = Non-vault XP
 B = Vault XP
 C = Vault XP percentage of total XP
 D = Non-vault monster count
 E = Vault monster count
 F = Vault count percentage of total count
                 A         B        C        D         E       F
            +---------+---------+-------+---------+---------+-------
      Total |     386 |      57 |  12.9 |      56 |      11 |  16.4
            +---------+---------+-------+---------+---------+-------
        D:1 |      49 |       7 |  12.5 |      26 |       4 |  13.3
        D:2 |      50 |      31 |  38.3 |      15 |       4 |  21.1
        D:3 |     156 |      19 |  10.9 |      13 |       3 |  18.8
        D:6 |     131 |       0 |   0.0 |       2 |       0 |   0.0
            +---------+---------+-------+---------+---------+-------
